 Seeded DCSS version 0.29-a0-393-g47a863cc1b (webtiles) character file.

Game seed: 20220509 (custom seed)

18100 a11behringer the Severer (level 12, -19/100 HPs)
             Began as a Palentonga Berserker on May 11, 2022.
             Was a High Priest of Trog.
             Demolished by a red ugly thing (22 damage)
             ... on level 12 of the Dungeon.
             The game lasted 00:33:15 (13598 turns).

a11behringer the Severer (Palentonga Berserker)    Turns: 13598, Time: 00:33:15

Health: -19/100    AC: 24    Str: 31    XL:     12   Next: 24%
Magic:  0/12       EV:  6    Int: 11    God:    Trog [*****.]
Gold:   678        SH:  0    Dex:  9    Spells: 11/11 levels left

rFire   . . .      SeeInvis +   F - +1 broad axe (flame)
rCold   . . .      Faith    .   (no shield)
rNeg    . . .      Spirit   +   k - +0 plate armour
rPois   +          Reflect  .   m - +0 helmet
rElec   .          Harm     .   r - +2 cloak
rCorr   .          Rampage  .   z - +0 pair of gloves
Will    .....                   (no barding)
Stlth   ..........              i - amulet of guardian spirit
HPRegen 0.26/turn               y - ring of the Median {rPois Int+2 Slay+6}
MPRegen 0.13/turn               f - +6 ring of strength

@: curled up
A: large, rugged brown scales 3, see invisible, deformed body, roll 1, armoured
tail, reflexive curl
a: Rolling Charge, Renounce Religion, Berserk, Trog's Hand, Brothers in Arms


You were on level 12 of the Dungeon.
You worshipped Trog.
Trog was extremely pleased with you.
You visited 1 branch of the dungeon, and saw 12 of its levels.

You collected 678 gold pieces.

Inventory:

Hand Weapons
 a - a +0 hand axe
 n - a +0 dagger of pain
 t - a +1 hand axe of freezing
 E - a +2 whip of freezing
 F - a +1 broad axe of flaming (weapon)
 H - a +0 battleaxe
Missiles
 U - a throwing net
Armour
 b - a +0 animal skin
 d - a +0 scale mail of cold resistance
 k - a +0 plate armour (worn)
 m - a +0 helmet (worn)
 r - a +2 cloak (worn)
 z - a +0 pair of gloves (worn)
 G - +0 acid dragon scales
 J - the -4 buckler of Lust {+Blink}
   (You found it on level 8 of the Dungeon)

   +Blink:    It lets you blink.
 L - the +0 robe of Feasting {rElec Str+4}
   (You found it on level 9 of the Dungeon)

   Str:       It affects your strength (+4).
   rElec:     It insulates you from electricity.
 R - a +0 troll leather armour
Jewellery
 c - a ring of protection from fire
 f - a +6 ring of strength (right hand)
 i - an amulet of guardian spirit (around neck)
 o - a ring of protection from cold
 p - a +6 ring of dexterity
 q - a ring of willpower
 y - the ring of the Median (left hand) {rPois Int+2 Slay+6}
   (You found it on level 8 of the Dungeon)

   [ring of poison resistance]

   Int:       It affects your intelligence (+2).
   Slay:      It affects your accuracy & damage with ranged weapons and melee
   (+6).
   rPois:     It protects you from poison.
 I - a ring of poison resistance
Wands
 s - a wand of iceblast (5)
 B - a wand of mindburst (29)
 P - a wand of polymorph (4)
Scrolls
 e - 7 scrolls of fog
 g - 2 scrolls of poison
 h - 4 scrolls of teleportation
 C - 2 scrolls of fear
 M - a scroll of identify
 N - a scroll of enchant armour
 S - a scroll of vulnerability {unknown}
Potions
 j - 2 potions of mutation
 l - 2 potions of degeneration
 u - a potion of flight
 v - 7 potions of curing
 w - 3 potions of lignification
 x - a potion of magic {unknown}
 A - a potion of resistance {unknown}
 D - a potion of berserk rage {unknown}
 K - a potion of haste {unknown}
 O - 5 potions of heal wounds
 Q - a potion of ambrosia {unknown}
 T - 2 potions of brilliance {unknown}
 V - a potion of attraction {unknown}
 W - a potion of invisibility {unknown}


   Skills:
 + Level 8.4 Fighting
 * Level 15.7 Axes
 + Level 8.2 Armour
 + Level 3.2 Dodging
 + Level 2.3 Evocations


You had 11 spell levels left.
You didn't know any spells.
Your spell library was empty.

Dungeon Overview and Level Annotations

Branches:
Dungeon (12/15)            Temple (0/1) D:5            Lair (0/6) D:10
    Orc (0/2) D:11

Altars:
Cheibriados
Dithmenos
Nemelex Xobeh
Okawaru
Qazlal
Sif Muna
Vehumet
Zin

Shops:
D:8 *


Innate Abilities, Weirdness & Mutations

You are completely covered in rugged brown scales. (AC +3, +7% HP)
You have supernaturally acute eyesight. (SInv)
Armour fits poorly on your strangely shaped body.
You can roll at nearby foes to attack.
You have a long armoured tail.
You curl defensively after being hit. (AC +7*)


Message History

You barely miss the red ugly thing. You slash the orc warrior!
You burn the orc warrior.
You kill the orc warrior!
Trog accepts your kill. The red ugly thing pecks you.
You are engulfed in flames!!
The orc wizard hits you but does no damage.
The red ugly thing pecks you.
You are engulfed in flames!!
Things that are here:
a +0 dagger; a +0 robe The orc wizard gestures wildly while chanting.
The orc wizard flickers and vanishes for a moment.
The orc hits you but does no damage.
You closely miss the red ugly thing.
Your tail-slap misses the red ugly thing.
You slash the orc! You burn the orc.
You kill the orc!
Trog accepts your kill.
You slash the orc wizard! You burn the orc wizard.
You kill the orc wizard!
Trog accepts your kill.
Trog appreciates your killing of a magic user.
The red ugly thing pecks you!
You are engulfed in flames!!
* * * LOW HITPOINT WARNING * * *
You slash the red ugly thing!
The red ugly thing is lightly wounded.
The red ugly thing pecks you.
* * * LOW HITPOINT WARNING * * *
You are engulfed in flames!!
* * * LOW HITPOINT WARNING * * *
You barely miss the red ugly thing. You tail-slap the red ugly thing!
The red ugly thing is moderately wounded.
You barely miss the red ugly thing. You tail-slap the red ugly thing!
The red ugly thing is heavily wounded.
The red ugly thing pecks you but does no damage.
You hit the red ugly thing but do no damage.
The red ugly thing is heavily wounded.
The red ugly thing pecks you!
* * * LOW HITPOINT WARNING * * *
You are engulfed in flames!!
You die...

.. .# #.# #########.#
##### # ..........##....
.#
..............#######.##
......................#.
.......@)......#....# #.
.......)u).....#.)..# #.
........)......#....# #.
##.######......#....###†
# #........<..†.().
#............#)##
#.#####.......#.#..#)#
#........####.#.#..#.#
#######.## #.###..#.#


You could see a red ugly thing.

Vanquished Creatures
  A hydra (D:12)
  4 two-headed ogres
  The ghost of NateTC the Cleaver, a novice FoFi (D:8)
  Nergalle (D:12)
  Pikel (D:6)
  An orc knight (D:10)
  A deep elf pyromancer (D:12)
  An orc sorcerer (D:10)
  A cyclops (D:12)
  A manticore (D:8)
  2 gargoyles
  An unseen horror (D:6)
  Maggie (D:8)
  2 kobold demonologists (D:12)
  A komodo dragon (D:10)
  A freezing wraith (D:9)
  5 trolls
  Prince Ribbit (D:5)
  3 hornets
  A slime creature (D:10)
  Grinder (D:3)
  Sigmund (D:3)
  2 vampires (D:10)
  A wraith (D:10)
  A wyvern (D:11)
  Eustachio (D:6)
  4 yaks
  A basilisk (D:12)
  A vampire mosquito (D:10)
  3 wargs (D:10)
  An acid dragon (D:10)
  A water moccasin (D:6)
  9 orc warriors
  2 black bears
  2 ice beasts
  3 centaurs
  3 ogres
  3 phantoms
  A lemure (D:6)
  5 kobold brigands
  4 bullfrogs
  3 scorpions
  8 wights
  17 killer bees
  An electric eel (D:10)
  8 orc priests
  2 hounds (D:5)
  A jelly (D:4)
  Crazy Yiuf (D:2)
  6 iguanas
  Terence (D:3)
  Natasha (twice) (D:3)
  12 orc wizards
  Robin (D:2)
  9 adders
  A shadow imp (D:6)
  3 white imps
  An ufetubus (D:5)
  A worm (D:3)
  4 dart slugs
  24 orcs
  7 ball pythons (D:2)
  5 bats
  6 endoplasms
  4 giant cockroaches
  11 hobgoblins
  9 jackals
  3 quokkas (D:1)
  4 frilled lizards
  14 goblins
  31 kobolds
  7 rats
288 creatures vanquished.

Notes
Turn   | Place    | Note
-------+----------+-------------------------------------------
     0 | D:1      | a11behringer the Palentonga Berserker began the quest for
                  | the Orb.
     0 | D:1      | Reached XP level 1. HP: 19/19 MP: 1/1
   191 | D:1      | Reached XP level 2. HP: 17/25 MP: 2/2
   680 | D:1      | Found a faded altar of an unknown god.
  1016 | D:2      | Reached ** piety under Trog
  1021 | D:2      | Reached XP level 3. HP: 31/31 MP: 3/3
  1182 | D:2      | Reached skill level 4 in Axes
  1356 | D:2      | Noticed Robin
  1370 | D:2      | Killed Robin
  1371 | D:2      | Reached XP level 4. HP: 37/37 MP: 2/4
  1976 | D:2      | Found a runed translucent door.
  1977 | D:2      | Noticed Crazy Yiuf
  2162 | D:2      | Killed Crazy Yiuf
  2314 | D:3      | Noticed Terence
  2322 | D:3      | Killed Terence
  2323 | D:3      | Reached skill level 5 in Axes
  2323 | D:3      | Reached XP level 5. HP: 42/43 MP: 5/5
  2369 | D:3      | Noticed Sigmund
  2375 | D:3      | Killed Sigmund
  2376 | D:3      | Reached XP level 6. HP: 51/51 MP: 4/6
  2547 | D:3      | Reached skill level 6 in Axes
  2569 | D:3      | Noticed Grinder
  2587 | D:3      | Killed Grinder
  2588 | D:3      | Gained mutation: You curl defensively after being hit. (AC
                  | +7*) [Palentonga growth]
  2588 | D:3      | Reached XP level 7. HP: 42/57 MP: 4/7
  2705 | D:3      | Noticed Natasha
  2715 | D:3      | Killed Natasha
  2941 | D:3      | Noticed Natasha
  2950 | D:3      | Killed Natasha
  3351 | D:4      | Reached skill level 7 in Axes
  3370 | D:4      | Reached *** piety under Trog
  4091 | D:5      | Entered Level 5 of the Dungeon
  4121 | D:5      | Reached skill level 8 in Axes
  4121 | D:5      | Reached XP level 8. HP: 60/65 MP: 6/8
  4210 | D:5      | Found a staircase to the Ecumenical Temple.
  4494 | D:5      | Noticed Prince Ribbit
  4521 | D:5      | HP: 2/65 [Prince Ribbit (3)]
  4528 | D:5      | Killed Prince Ribbit
  4529 | D:5      | Reached skill level 9 in Axes
  4865 | D:5      | Found a glowing silver altar of Zin.
  4865 | D:5      | Found an iron altar of Okawaru.
  4866 | D:5      | Found a radiant altar of Vehumet.
  4867 | D:5      | Found a sparkling altar of Nemelex Xobeh.
  4869 | D:5      | Found a shimmering blue altar of Sif Muna.
  5750 | D:6      | Reached skill level 5 in Fighting
  5750 | D:6      | Reached XP level 9. HP: 64/72 MP: 4/9
  5912 | D:6      | Noticed Pikel
  5917 | D:6      | Noticed Eustachio
  5924 | D:6      | Killed Pikel
  5925 | D:6      | Reached skill level 10 in Axes
  5925 | D:6      | Reached skill level 5 in Armour
  5930 | D:6      | Killed Eustachio
  6211 | D:6      | Noticed an unseen horror
  6219 | D:6      | Killed an unseen horror
  6483 | D:6      | Reached skill level 11 in Axes
  6905 | D:7      | Found a snail-covered altar of Cheibriados.
  6907 | D:7      | Found a shadowy altar of Dithmenos.
  7360 | D:7      | Reached XP level 10. HP: 54/81 MP: 6/10
  8046 | D:8      | Reached **** piety under Trog
  8057 | D:8      | Identified the ring of the Median {rPois Int+2 Slay+6}
  8235 | D:8      | Noticed Maggie
  8250 | D:8      | Killed Maggie
  8517 | D:8      | Found a runed translucent gate.
  8517 | D:8      | Found a runed translucent gate.
  8517 | D:8      | Found a runed translucent gate.
  8540 | D:8      | Found Degenkon's General Store.
  8572 | D:8      | Noticed a manticore
  8575 | D:8      | Killed a manticore
  8576 | D:8      | Reached skill level 12 in Axes
  8576 | D:8      | Reached skill level 1 in Evocations
  8709 | D:8      | Noticed NateTC's ghost (novice FoFi)
  8749 | D:8      | Killed NateTC's ghost
  8753 | D:8      | Identified the -4 buckler of Lust {+Blink}
  8982 | D:9      | Identified the +0 robe of Feasting {rElec Str+4}
 10144 | D:10     | Entered Level 10 of the Dungeon
 10144 | D:10     | Noticed a two-headed ogre
 10150 | D:10     | Killed a two-headed ogre
 10151 | D:10     | Reached skill level 13 in Axes
 10151 | D:10     | Reached XP level 11. HP: 55/89 MP: 6/11
 10403 | D:10     | Noticed a two-headed ogre
 10409 | D:10     | Killed a two-headed ogre
 10529 | D:10     | Found a stormy altar of Qazlal.
 10651 | D:10     | Noticed a two-headed ogre
 10656 | D:10     | Killed a two-headed ogre
 10741 | D:10     | Noticed an orc knight
 10741 | D:10     | Noticed an orc sorcerer
 10751 | D:10     | Killed an orc knight
 10752 | D:10     | Killed an orc sorcerer
 10970 | D:10     | Reached skill level 14 in Axes
 11553 | D:10     | Found a staircase to the Lair.
 12439 | D:11     | Noticed a two-headed ogre
 12443 | D:11     | Killed a two-headed ogre
 12444 | D:11     | Reached skill level 15 in Axes
 12689 | D:11     | Found a staircase to the Orcish Mines.
 12838 | D:12     | Noticed a deep elf pyromancer
 12843 | D:12     | Killed a deep elf pyromancer
 12843 | D:12     | Reached ***** piety under Trog
 12844 | D:12     | Reached XP level 12. HP: 85/99 MP: 10/12
 12891 | D:12     | Noticed a seven-headed hydra
 12985 | D:12     | Killed a four-headed hydra
 13444 | D:12     | Noticed Nergalle
 13450 | D:12     | Killed Nergalle
 13598 | D:12     | HP: 3/100 [red ugly thing (6)]
 13598 | D:12     | Demolished by a red ugly thing

Illustrated notes

Levels and vault maps discovered:
D:1:      eino_arrival_water_cross, layout_loops_ring, basic_ecumenical_altar,
          kennysheep_doodads, minmay_misc_feat_more_columns
D:2:      layout_loops_ring, minmay_misc_feat_enclosed, kennysheep_flooded_box,
          uniq_robin, uniq_crazy_yiuf_cottage
D:3:      layout_loops_ring, uniq_sigmund, uniq_grinder, uniq_natasha,
          uniq_terence
D:4:      layout_rooms
D:5:      layout_loops_ring, minitemple, minmay_temple_entry_ruins,
          uniq_prince_ribbit1
D:6:      layout_layer_cave, uniq_eustachio, uniq_pikel
D:7:      layout_loops_ring, nicolae_overflow_hidden_temple
D:8:      layout_rooms, serial_shops, nicolae_inconvenience_store,
          ebering_ghost_rock_garden, uniq_maggie
D:9:      layout_basic, serial_curves, eino_curves_02, eino_curves_01,
          nicolae_figureground_sparkle
D:10:     minmay_s_stair_smasher, layout_irregular_city,
          mainiacjoe_overflow_surrounded_room, erik_lair_orcish_takeover,
          grunt_ministairs_3, kennysheep_minor_cross
D:11:     layout_roguey, orc_0_dummy
D:12:     layout_basic, nicolae_wu_jian_immortal_techniques, uniq_nergalle

Skill      XL: |  1  2  3  4  5  6  7  8  9 10 11 12 |
---------------+-------------------------------------+-----
Axes           | 4 5 6 8 9 11 13 15 | 15.7
Armour         | 2 3 4 6 7 8 |  8.2
Fighting       | 4 5 7 8 |  8.4
Dodging        | 2 3 |  3.2
Evocations     | 2 |  2.3

Action                   |  1- 3 |  4- 6 |  7- 9 | 10-12 || total
-------------------------+-------+-------+-------+-------++-------
Melee: Hand axe          |   102 |    80 |   329 |    78 ||   589
       Tailslap          |     7 |    12 |    60 |    48 ||   127
       Punch             |       |     1 |     5 |     4 ||    10
       Broad axe         |       |       |       |   229 ||   229
Invok: Berserk           |     1 |     3 |     5 |     6 ||    15
       Trog's Hand       |     1 |     2 |     2 |     3 ||     8
 Abil: Rolling Charge    |       |       |       |     1 ||     1
  Use: Scroll            |       |       |    16 |     1 ||    17
       Potion            |       |       |     1 |       ||     1
Armor: Scale mail        |    60 |    29 |   204 |       ||   293
       Animal skin       |     1 |       |       |       ||     1
       Plate armour      |       |       |    26 |   198 ||   224
Dodge: Dodged            |    47 |    33 |   141 |    85 ||   306

Table legend: (Time is in decaauts)
 A = Elapsed time spent in this place.
 B = Non-inter-level travel time spent in this place.
 C = Inter-level travel time spent in this place.
 D = Time resting spent in this place.
 E = Time spent auto-exploring this place.
 F = Levels seen in this place.
 G = Mean time per level.
                   A        B        C        D        E       F      G
               +--------+--------+--------+--------+--------+-----+--------+
         Total |  13673 |  12354 |   1319 |      0 |  10788 |  12 | 1139.4 |
       Dungeon |  13673 |  12354 |   1319 |      0 |  10788 |  12 | 1139.4 |
               +--------+--------+--------+--------+--------+-----+--------+

Top non-repeatable levels by time:
    D:10: 1794 daAuts
     D:5: 1344 daAuts
     D:7: 1314 daAuts
     D:6: 1285 daAuts
     D:2: 1275 daAuts
     D:9: 1225 daAuts
     D:1: 1020 daAuts
     D:4: 921 daAuts
     D:3: 913 daAuts
     D:8: 912 daAuts
    D:11: 907 daAuts
    D:12: 758 daAuts
